 Dungeon Crawl Stone Soup version 0.23.2-33-g5129a83184 (webtiles) character file.

Game seed: 7040282022735593785

9688 AarnesTheHuman the Zephyrmancer (level 11, -7/56 HPs)
             Began as a Tengu Air Elementalist on July 31, 2019.
             Was a Priest of Ashenzari.
             Mangled by a yak (11 damage)
             ... on level 11 of the Dungeon.
             The game lasted 00:57:59 (14377 turns).

AarnesTheHuman the Zephyrmancer (TeAE)             Turns: 14377, Time: 00:58:00

Health: -7/56      AC:  9    Str: 13    XL:     11   Next: 50%
Magic:  1/24       EV: 16    Int: 18    God:    Ashenzari [***...]
Gold:   568        SH:  0    Dex: 15    Spells: 6/26 levels left

rFire    . . .     SeeInvis +   u - +3 scimitar (flame) (curse)
rCold    . . .     Gourm    .   (no shield)
rNeg     . . .     Faith    .   t - +0 ring mail
rPois    .         Spirit   .   (helmet restricted)
rElec    .         Reflect  .   n - +0 cloak
rCorr    .         Harm     .   q - +0 pair of gloves
MR       .....                  (boots unavailable)
Stlth    +.........             (no amulet)
HPRegen  0.18/turn              k - +4 ring of strength (curse)
MPRegen  0.19/turn              h - ring of see invisible

@: flying quickly and evasively, quick
A: beak, talons 3, able to fly
a: Stop Flying, Curse Item, Scrying, Renounce Religion


You were on level 11 of the Dungeon.
You worshipped Ashenzari.
Ashenzari was most pleased with you.
You were not hungry.

You visited 1 branch of the dungeon, and saw 11 of its levels.
You also visited: Sewer.

You collected 568 gold pieces.

Inventory:

Hand Weapons
 b - a +1 dagger of venom
 u - a cursed +3 scimitar of flaming (weapon)
 x - a +2 flail of crushing
 D - a cursed +3 battleaxe
 F - a +2 short sword of venom
 I - a +1 rapier of speed
Armour
 a - a +1 robe
 d - a +0 scale mail
 n - a +0 cloak (worn)
 q - a +0 pair of gloves (worn)
 t - a +0 ring mail (worn)
 G - a +2 robe of positive energy
Jewellery
 h - a ring of see invisible (right hand)
 k - a cursed +4 ring of strength (left hand)
 v - a +5 ring of dexterity
Wands
 p - a wand of paralysis (13)
 w - a wand of disintegration (18)
 B - a wand of acid (11)
 C - a wand of flame (38)
 E - a wand of enslavement (19)
Scrolls
 e - 2 scrolls of remove curse
 f - 2 scrolls of blinking
 j - 8 scrolls of teleportation
 m - 3 scrolls of fear
 y - 2 scrolls of identify
 H - a scroll of holy word {unknown}
 K - 3 scrolls of amnesia
Potions
 g - a potion of resistance
 i - 2 potions of lignification
 l - 7 potions of curing
 o - 4 potions of flight
 r - 3 potions of haste
 s - 3 potions of might
 A - a potion of mutation
 J - 2 potions of brilliance {unknown}
 L - 2 potions of agility {unknown}
 M - a potion of magic
 N - a potion of berserk rage
Comestibles
 c - 24 rations


   Skills:
 - Level 1.3 Fighting
 - Level 5.0(7.9) Long Blades
 + Level 8.1 Armour
 - Level 5.6 Dodging
 - Level 2.0 Stealth
 + Level 8.4 Spellcasting
 + Level 6.8 Conjurations
 - Level 5.7 Necromancy
 + Level 11.9 Air Magic


You had 6 spell levels left.
You knew the following spells:

 Your Spells              Type           Power        Failure   Level  Hunger
a - Shock                 Conj/Air       ####         1%          1    None
b - Swiftness             Chrm/Air       ####....     2%          2    None
c - Static Discharge      Conj/Air       #####...     1%          3    None
d - Airstrike             Air            ######....   1%          4    ###....
e - Lightning Bolt        Conj/Air       #####.....   11%         5    #####..
f - Animate Skeleton      Necr           N/A          1%          1    None
g - Pain                  Necr           ####         1%          1    None
h - Regeneration          Chrm/Necr      ###.......   17%         3    None

Your spell library contained the following spells:

 Spells                   Type           Power        Failure   Level  Hunger
 Vampiric Draining        Necr           ####......   4%          3    None
 Animate Dead             Necr           N/A          17%         4    ###....


Dungeon Overview and Level Annotations

Branches:
Dungeon (11/15)            Temple (0/1) D:5             Orc (0/2) D:9
   Lair: D:8-11

Altars:
Ashenzari
Cheibriados
Dithmenos
Fedhas
Gozag
Hepliaklqana
Makhleb
Qazlal
Ru
Sif Muna
Trog
Xom
Yredelemnul
The Shining One

Shops:
D:9 (

Annotations:
D:2 exclusion: downstairs
D:6 exclusion: 2 electric eels
D:8 Gastronok


Innate Abilities, Weirdness & Mutations

You have a beak for a mouth.
You have claws for feet.
You can fly continuously.


Message History

You are struck by an arc of lightning.
The yak is struck by an arc of lightning!
The yak is moderately wounded.
The lightning grounds out.
The yak is struck by an arc of lightning.
The yak is lightly wounded.
You are struck by an arc of lightning.
The yak is struck by an arc of lightning.
The yak is moderately wounded.
The lightning grounds out.
The yak gores you!
* * * LOW HITPOINT WARNING * * *
The yak gores you but does no damage.
Casting: Static Discharge (safe; 1% risk of failure)
Confirm with . or Enter, or press ? or * to list all spells.
The yak is struck by an arc of lightning!
The yak is heavily wounded.
The lightning grounds out.
The yak gores you!
* * * LOW HITPOINT WARNING * * *
The yak gores you!
You die...

> *
..!.......#
..........# *
* .........#
*
*,,,........#
, * #......#
* #..Y...# *
*
*####..YY..#
*
,......†@..#
####..[...# *
######## * ,
*


You could see 3 yaks.

Vanquished Creatures
  Josephine (D:10)
  Harold (D:9)
  Erica (D:8)
  A two-headed ogre (D:9)
  Pikel (D:4)
  Grinder (D:5)
  A hornet (D:10)
  3 hippogriffs
  Sigmund (D:6)
  A hungry ghost (D:10)
  4 wraiths (D:10)
  2 wyverns
  3 yaks (D:11)
  Menkaure (D:5)
  3 ice beasts
  2 phantoms
  A sky beast (D:11)
  2 orc warriors
  An eye of draining (D:9)
  4 ogres
  A centaur (D:8)
  2 bullfrogs (D:8)
  A big kobold (D:8)
  A wyvern zombie (D:10)
  4 scorpions
  6 killer bees (D:8)
  4 wights (D:7)
  2 centaur zombies
  2 howler monkeys (D:7)
  4 crimson imps
  4 hounds
  A jelly (D:6)
  A centaur skeleton (D:5)
  A bullfrog skeleton (D:2)
  6 orc priests
  4 iguanas
  8 orc wizards
  6 worker ants
  A worker ant zombie (D:10)
  A howler monkey zombie (D:10)
  10 gnolls
  9 adders
  A shadow imp (D:6)
  An adder skeleton (D:8)
  An adder zombie (D:8)
  6 worms
  A dart slug (D:3)
  3 leopard geckos
  28 orcs
  6 ball pythons
  7 bats
  8 giant cockroaches
  12 hobgoblins
  9 jackals
  2 quokkas
  10 frilled lizards
  12 goblins
  13 kobolds
  A leopard gecko skeleton (D:4)
  6 rats
241 creatures vanquished.

Vanquished Creatures (collateral kills)
  An ogre (D:7)
1 creature vanquished.

Vanquished Creatures (others)
  A worker ant (D:4)
  2 plants (D:6)
3 creatures vanquished.

Grand Total: 245 creatures vanquished

Notes
Turn   | Place    | Note
-------+----------+-------------------------------------------
     0 | D:1      | AarnesTheHuman the Tengu Air Elementalist began the quest
                  | for the Orb.
     0 | D:1      | Reached XP level 1. HP: 10/10 MP: 4/4
   149 | D:1      | Found a shattered altar of Ashenzari.
   532 | D:1      | Became a worshipper of Ashenzari the Shackled
   720 | D:2      | Reached XP level 2. HP: 15/16 MP: 1/6
   980 | D:2      | Learned a level 2 spell: Swiftness
  1332 | D:2      | Found a burning altar of Makhleb.
  1332 | D:2      | Noticed a crimson imp
  1341 | D:2      | Killed a crimson imp
  1341 | D:2      | Reached skill level 1 in Fighting
  1341 | D:2      | Reached XP level 3. HP: 15/20 MP: 2/7
  1391 | D:2      | Learned a level 3 spell: Static Discharge
  1416 | D:2      | Reached XP level 4. HP: 18/25 MP: 0/8
  1680 | D:2      | Found a shimmering altar of Xom.
  1881 | D:2      | Found a shadowy altar of Dithmenos.
  2075 | D:3      | Reached skill level 5 in Air Magic
  2075 | D:3      | Gained mutation: You can fly continuously. [Tengu growth]
  2075 | D:3      | Reached XP level 5. HP: 8/29 MP: 0/10
  2384 | D:3      | Found a glowing drain.
  2407 | Sewer    | Entered a sewer
  3506 | D:3      | Learned a level 4 spell: Airstrike
  3716 | D:3      | Reached XP level 6. HP: 21/34 MP: 5/11
  4010 | D:4      | Found a glowing golden altar of the Shining One.
  4133 | D:4      | Found a stormy altar of Qazlal.
  4425 | D:4      | Reached * piety under Ashenzari
  5165 | D:4      | Noticed a slave
  5165 | D:4      | Noticed a slave
  5165 | D:4      | Noticed Pikel
  5166 | D:4      | Noticed a slave
  5166 | D:4      | Noticed a slave
  5180 | D:4      | Killed Pikel
  5180 | D:4      | Reached skill level 5 in Dodging
  5180 | D:4      | Reached skill level 5 in Conjurations
  5180 | D:4      | Reached skill level 6 in Air Magic
  5180 | D:4      | Reached XP level 7. HP: 33/38 MP: 3/14
  5180 | D:4      | Reached XP level 8. HP: 38/43 MP: 3/15
  5308 | D:4      | Reached skill level 7 in Air Magic
  5540 | D:5      | Entered Level 5 of the Dungeon
  5643 | D:5      | Found a shattered altar of Ashenzari.
  5650 | D:5      | Noticed Grinder
  5653 | D:5      | Paralysed by Grinder for 6 turns
  5663 | D:5      | Killed Grinder
  5879 | D:5      | Learned a level 5 spell: Lightning Bolt
  5882 | D:5      | Found a staircase to the Ecumenical Temple.
  5903 | D:5      | Learned a level 1 spell: Animate Skeleton
  5956 | D:5      | Reached skill level 1 in Armour
  6236 | D:5      | Reached skill level 5 in Spellcasting
  6275 | D:5      | Noticed Menkaure
  6279 | D:5      | Killed Menkaure
  6279 | D:5      | Reached skill level 1 in Necromancy
  6550 | D:5      | Reached ** piety under Ashenzari
  6874 | D:6      | Found a snail-covered altar of Cheibriados.
  6897 | D:6      | Noticed Sigmund
  6901 | D:6      | Reached skill level 8 in Air Magic
  6904 | D:6      | Killed Sigmund
  6904 | D:6      | Reached XP level 9. HP: 41/47 MP: 9/18
  7055 | D:6      | Learned a level 1 spell: Pain
  8889 | D:7      | Reached skill level 9 in Air Magic
  8902 | D:7      | Found a deep blue altar of Sif Muna.
  9055 | D:7      | Found a sacrificial altar of Ru.
  9251 | D:7      | Found a hazy altar of Hepliaklqana.
  9462 | D:7      | Found a shimmering altar of Xom.
  9970 | D:7      | Found a basalt altar of Yredelemnul.
 10309 | D:8      | Reached skill level 5 in Armour
 10311 | D:8      | Noticed Erica
 10335 | D:8      | Reached XP level 10. HP: 46/52 MP: 1/20
 10355 | D:8      | Reached skill level 5 in Necromancy
 10599 | D:8      | Paralysed by Erica for 6 turns
 10608 | D:8      | Killed Erica
 10608 | D:8      | Reached skill level 10 in Air Magic
 10843 | D:8      | Learned a level 3 spell: Regeneration
 11117 | D:8      | Noticed a moth of wrath
 11119 | D:8      | Found a bloodstained altar of Trog.
 11284 | D:8      | Noticed Gastronok
 11339 | D:8      | Reached skill level 1 in Long Blades
 11650 | D:9      | Found Ogish's Antique Weapon Boutique.
 11704 | D:9      | Found an opulent altar of Gozag.
 11724 | D:9      | Noticed Harold
 11742 | D:9      | Killed Harold
 12391 | D:8      | Reached *** piety under Ashenzari
 12578 | D:9      | Found a staircase to the Orcish Mines.
 12592 | D:9      | Found a blossoming altar of Fedhas.
 12595 | D:9      | Noticed a two-headed ogre
 13112 | D:9      | Found a blossoming altar of Fedhas.
 13185 | D:9      | Reached skill level 11 in Air Magic
 13286 | D:9      | Found Ogish's Antique Weapon Boutique.
 13335 | D:9      | Killed a two-headed ogre
 13335 | D:9      | Reached XP level 11. HP: 56/56 MP: 2/23
 13344 | D:9      | Found a staircase to the Orcish Mines.
 13345 | D:9      | Found a blossoming altar of Fedhas.
 13451 | D:10     | Entered Level 10 of the Dungeon
 13701 | D:10     | Noticed Josephine
 13711 | D:10     | Killed Josephine
 14125 | D:10     | Reached skill level 5 in Long Blades
 14377 | D:11     | Mangled by a yak

Skill      XL: |  1  2  3  4  5  6  7  8  9 10 11 |
---------------+----------------------------------+-----
Conjurations   | 2 3 5 6 |  6.8
Fighting       | 1 |  1.3
Dodging        | 3 5 |  5.6
Air Magic      | 5 6 8 9 11 | 11.9
Spellcasting   | 3 4 5 6 7 8 |  8.4
Armour         | 2 5 7 8 |  8.1
Necromancy     | 2 4 5 |  5.7
Long Blades    | 3 5 |  5.0
Stealth        | |  2.0

Action                   |  1- 3 |  4- 6 |  7- 9 | 10-12 || total
-------------------------+-------+-------+-------+-------++-------
Melee: Dagger            |    26 |    71 |    31 |    14 ||   142
       Kick              |     4 |    15 |     9 |    32 ||    60
       Peck              |     2 |    10 |     4 |    27 ||    43
       Scimitar          |       |       |       |    86 ||    86
 Cast: Shock             |    37 |   106 |   149 |    92 ||   384
       Static Discharge  |       |    12 |    23 |    39 ||    74
       Airstrike         |       |       |     7 |    47 ||    54
       Animate Skeleton  |       |       |     5 |    14 ||    19
       Pain              |       |       |       |     4 ||     4
Invok: Curse Item        |       |     2 |       |     1 ||     3
 Abil: Fly               |       |       |     1 |       ||     1
  Use: Scroll            |       |    13 |     7 |     3 ||    23
       Potion            |       |       |       |     3 ||     3
 Stab: Sleeping          |       |     3 |       |       ||     3
  Eat: Chunk             |     2 |    13 |     8 |    12 ||    35
       Ration            |       |       |     3 |     2 ||     5
Armor: Robe              |    16 |    11 |       |       ||    27
       Ring mail         |       |    22 |    19 |    38 ||    79
Dodge: Dodged            |    29 |    64 |    38 |   108 ||   239
       Rpst.: Scimitar   |       |       |       |    20 ||    20
